AoeStats
← BenJames

Arabia

506578513Analyzed
4v4 RM · 17d ago on Sep 14, 2026· 15m 0s· 8 players
Game mode
Random Map
Map size
Large (8 player)
Population
200
Speed
Normal
Resources
Standard
Victory
Conquest
Starting age
Dark Age
Ending age
Imperial Age
RankedLock teamsTeams togetherTeam positionsShared explorationLock speedFull tech treeHidden civsTurbo modeCheats
Victory
Defeat
🇺🇾 Japanese · Uruguay
1096
+31
1013
+17
🇨🇳 Franks · China
1009
+17
🇨🇳 Poles · China
989
+18
🇺🇸 Maya · United States
1148
-21
🇨🇴 Magyars · Colombia
1105
-19
🇨🇴 Celts · Colombia
1007
-15
🇲🇽 Mongols · Mexico
908
-11
True Mocho
14:48 Feudal Age
Dv Praim
0:40 Loom
13:08 Feudal Age
BenJames
7:36 Loom
10:10 Feudal Age
10:24 Man-at-Arms
15:09 Fletching
Lemus IV
5:03 Loom
11:18 Feudal Age
15:30 Castle Age
13:40 Double-Bit Axe
14:15 Horse Collar
高价回收北京御姐
11:31 Feudal Age
13:22 Loom
370885147
0:28 Loom
10:26 Feudal Age
11:00 Double-Bit Axe
12:50 Stone Mining
抱抱狸
6:43 Loom
9:14 Feudal Age
9:19 Man-at-Arms
10:13 Double-Bit Axe
14:25 Horse Collar
15:05 Fletching
薛之谦
2:56 Loom
11:35 Feudal Age
10:29 Loom
Connection lost

Rejoining the realm…

Still unreachable

The connection could not be restored.

Session expired

The server has moved on; the page needs a fresh start.